 Dungeon Crawl Stone Soup version 0.31-a0-1002-g8e65716e6e (webtiles) character file.

Game seed: 12611916172946352010

29 mopl the Vexing (level 3, -1/20 HPs)
             Began as a Deep Elf Enchanter on Nov 9, 2023.
             Slain by an adder (4 damage)
             ... on level 2 of the Dungeon.
             The game lasted 00:01:29 (1040 turns).

mopl the Vexing (Deep Elf Enchanter)                Turns: 1040, Time: 00:01:30

Health: -1/20      AC:  2    Str:  5    XL:     3   Next: 1%
Magic:  9/9        EV: 13    Int: 19    God:
Gold:   40         SH:  0    Dex: 17    Spells: 6/8 levels left

rFire   . . .        f - +2 spear (heavy)
rCold   . . .        (no shield)
rNeg    . . .        m - +0 robe
rPois   .            (no helmet)
rElec   .            (no cloak)
rCorr   .            (no gloves)
SInv    .            (no boots)
Will    .....        (no amulet)
Stlth   +++          (no ring)
HPRegen 0.23/turn    (no ring)
MPRegen 0.11/turn

%: no passive effects
@: lethally poisoned (-1 -> -2)
A: no striking features
a: no special abilities


You were on level 2 of the Dungeon.
You visited 1 branch of the dungeon, and saw 2 of its levels.

You collected 40 gold pieces.

Inventory:

Hand Weapons
 a - a +1 dagger
 b - a +0 rapier of draining
 f - a +2 heavy spear (weapon)
Armour
 m - a +0 robe (worn)
Scrolls
 e - a scroll of teleportation {unknown}
 g - a scroll of immolation {unknown}
 j - a scroll of noise {unknown}
 k - a scroll of identify {unknown}
Potions
 c - 2 potions of invisibility
 d - a potion of ambrosia {unknown}
 h - a potion of berserk rage {unknown}
 i - a potion of degeneration {unknown}
 l - a potion of heal wounds {unknown}


   Skills:
 + Level 0.7 Fighting
 + Level 1.5 Short Blades
 - Level 2.4 Dodging
 + Level 4.0 Stealth
 + Level 3.4 Spellcasting
 + Level 4.3 Hexes


You had 6 spell levels left.
You knew the following spells:

 Your Spells              Type           Power      Damage    Failure   Level
b - Ensorcelled Hibernat  Hex/Ice        22%        N/A       9%          2

Your spell library contained the following spells:

 Spells                   Type           Power      Damage    Failure   Level
 Confusing Touch          Hex            19%        N/A       8%          3
 Tukima's Dance           Hex            19%        N/A       8%          3
 Dazzling Flash           Conj/Hex       22%        N/A       19%         3


Dungeon Overview and Level Annotations

Branches:
Dungeon (2/15)

Altars:


Message History

You reach to attack!
The helpless giant cockroach fails to defend itself.
You hit the giant cockroach.
The giant cockroach is heavily wounded.
The giant cockroach closely misses you.
You closely miss the giant cockroach.
The giant cockroach is heavily wounded.
The giant cockroach bites you.
The giant cockroach bites you but does no damage.
You hit the giant cockroach.
You kill the giant cockroach!
The adder bites you.
You are poisoned.
The adder poisons you! The adder misses you.
You have reached level 3!
Your experience leads to an increase in your attributes!
Increase (S)trength, (I)ntelligence, or (D)exterity?
You feel agile. x2
You miss the adder.
You feel sick. The adder closely misses you. The adder bites you.
You hit the adder.
The adder is lightly wounded.
You feel sick.
You are no longer poisoned.
The adder bites you. x2
You are poisoned.
The adder poisons you!
You closely miss the adder.
The adder is lightly wounded.
You feel very sick. The adder barely misses you. The adder closely misses you.
You barely miss the adder.
The adder is lightly wounded.
You feel sick. The adder bites you.
* * * LOW HITPOINT WARNING * * *
The adder closely misses you.
You puncture the adder!
The adder is almost dead.
You feel sick.
The adder misses you. x2; The adder bites you.
You die...

#.#. ...
## ..# ..
..# #
.##..#.#..
.......
#S..# #@#
#.# #.#
#.# ####.#
#<...#
######


You could see an adder.

Vanquished Creatures
  A dart slug (D:1)
  5 endoplasms (D:1)
  A giant cockroach (D:2)
  4 goblins (D:1)
  2 hobgoblins (D:1)
  3 ball pythons (D:1)
  3 bats (D:1)
  3 kobolds (D:1)
  2 rats (D:1)
24 creatures vanquished.

Notes
Turn   | Place    | Note
-------+----------+-------------------------------------------
     0 | D:1      | mopl the Deep Elf Enchanter began the quest for the Orb.
     0 | D:1      | Reached XP level 1. HP: 10/10 MP: 6/6
   261 | D:1      | Reached XP level 2. HP: 16/16 MP: 8/8
   272 | D:1      | Learned a level 2 spell: Ensorcelled Hibernation
   673 | D:1      | Reached skill level 4 in Stealth
  1036 | D:2      | Reached XP level 3. HP: 17/20 MP: 9/9
  1040 | D:2      | Slain by an adder

Illustrated notes

Levels and vault maps discovered:
D:1:      dpeg_arrival_castle, layout_basic, hangedman_abyss_or_decor_stabs
D:2:      cheibrodos_fertilizer, layout_basic, serial_shops,
          nicolae_shop_advertising_works [nicolae_subvault_shop_adworks],
          nicolae_diamond_shop

Skill      XL: |  1  2 |
---------------+-------+-----
Stealth        | 4 |  4.0
Fighting       | |  0.7
Short Blades   | |  1.5
Dodging        | |  2.4
Spellcasting   | |  3.4
Hexes          | |  4.3

Action                     || total
---------------------------++-------
  Melee: Dagger            ||    21
         Spear             ||    41
   Stab: Sleeping          ||    10
 Armour: Robe              ||    26
  Dodge: Dodged            ||    32

Table legend: (Time is in decaauts)
 A = Elapsed time spent in this place.
 B = Non-inter-level travel time spent in this place.
 C = Inter-level travel time spent in this place.
 D = Time resting spent in this place.
 E = Time spent auto-exploring this place.
 F = Levels seen in this place.
 G = Mean time per level.
                   A        B        C        D        E       F      G
               +--------+--------+--------+--------+--------+-----+--------+
         Total |   1066 |    990 |     76 |     64 |    705 |   2 |  533.0 |
       Dungeon |   1066 |    990 |     76 |     64 |    705 |   2 |  533.0 |
               +--------+--------+--------+--------+--------+-----+--------+

Top non-repeatable levels by time:
     D:1: 1046 daAuts
     D:2: 20 daAuts
